 Dungeon Crawl Stone Soup version 0.21-a0-178-g0b87683 (console) character file.

124 Duffy the Chopper (level 5, 0/26 HPs)
             Began as a Vine Stalker Gladiator on Aug 9, 2017.
             Was an Initiate of Ru.
             Slain by an orc
             ... wielding a +0 trident
              (3 damage)
             ... on level 3 of the Dungeon.
             The game lasted 00:02:56 (1856 turns).

Duffy the Chopper (Vine Stalker Gladiator)          Turns: 1856, Time: 00:02:58

Health: 0/26       AC:  8    Str: 22    XL:     5   Next: 8%
Magic:  0/6        EV: 12    Int:  8    God:    Ru [......]
Gold:   98         SH:  0    Dex: 15    Spells: 4/4 levels left

rFire    . . .     SeeInvis .   a - +0 war axe
rCold    . . .     Gourm    .   (no shield)
rNeg     . . .     Faith    .   o - +0 ring mail
rPois    .         Spirit   +   c - +0 helmet
rElec    .         Reflect  .   e - +0 cloak
rCorr    .         Harm     .   (no gloves)
MR       .....                  h - +0 pair of boots
Stlth    +.........             (no amulet)
HPRegen  0.48/turn              k - +4 ring of strength
MPRegen  0.10/turn              (no ring)

@: no status effects
A: fangs 2, regeneration 1, magic shield, antimagic bite, no potion heal 3, rot
immunity
a: Renounce Religion


You were on level 3 of the Dungeon.
You worshipped Ru.
Ru was noncommittal.
You were not hungry.

You visited 1 branch of the dungeon, and saw 3 of its levels.

You collected 98 gold pieces.

Inventory:

Hand Weapons
 a - a +0 war axe (weapon)
Missiles
 d - 3 throwing nets (quivered)
Armour
 c - a +0 helmet (worn)
 e - a +0 cloak (worn)
 h - a +0 pair of boots (worn)
 o - a +0 ring mail (worn)
Jewellery
 k - a +4 ring of strength (left hand)
Wands
 w - a wand of disintegration (10/24)
Scrolls
 g - 2 scrolls of identify {unknown}
 i - a scroll of fear {unknown}
 j - a scroll of enchant weapon {unknown}
 p - a scroll of magic mapping {unknown}
 s - a scroll of noise {unknown}
 x - 2 scrolls of recharging {unknown}
Potions
 b - a potion of heal wounds {unknown}
 n - a potion of curing {unknown}
 q - 2 potions of cancellation {unknown}
 t - a potion of lignification {unknown}
 u - a potion of mutation {unknown}
 v - a potion of degeneration {unknown}
Comestibles
 f - a bread ration
 l - 3 meat rations
 m - a royal jelly
 r - 9 chunks of flesh


   Skills:
 - Level 1.7 Fighting
 + Level 5.1 Axes
 - Level 1.7 Throwing
 - Level 2.4 Dodging


You had 4 spell levels left.
You didn't know any spells.

Dungeon Overview and Level Annotations

Branches:
Dungeon (3/15)

Altars:
Ru


Innate Abilities, Weirdness & Mutations

You have extremely sharp teeth.
Your natural rate of healing is unusually fast.
When hurt, damage is shared between your health and your magic reserves.
Your bite disrupts and absorbs the magic of your enemies.
Potions cannot restore your health.
You are immune to rotting.


Message History

You hit the orc priest but do no damage.
The orc priest is heavily wounded.
The orc barely misses you.
The orc priest hits you but does no damage.
You barely miss the orc priest. You bite the orc priest. You drain its power.
You feel invigorated.
The orc priest is heavily wounded.
The orc closely misses you. The orc priest closely misses you.
You closely miss the orc priest.
You bite the orc priest, but do no damage.
The orc priest is heavily wounded.
The orc hits you from afar with a trident.
The orc priest hits you but does no damage.
You slash the orc priest!
You kill the orc priest!
Your Axes skill increases to level 5!
You have reached level 5!
The orc closely misses you.
The orc hits you from afar with a trident.
You die...

.# .##### ......... .
..... ... # .. .....
...## ... .## #...# ....
.## #.#.## .....
..#####......#####o.....
..........#...$.@)......
##.....######.##########
.#.....#..#...#
.#..#..#..#...#
.'._#..'%.....#
#########.....#
.'..#..'......#
.#..#..#..#...#
.#..%..#..#...#


You could see an orc.

Vanquished Creatures
  An orc priest (D:3)
  3 adders (D:2)
  An ooze (D:1)
  2 worms
  2 leopard geckos (D:2)
  4 orcs (D:3)
  4 giant cockroaches
  6 goblins
  6 hobgoblins
  4 jackals (D:3)
  5 kobolds
  A quokka (D:3)
  3 bats
  A frilled lizard (D:1)
  8 rats
51 creatures vanquished.

Notes
Turn   | Place    | Note
-------+----------+-------------------------------------------
     0 | D:1      | Duffy the Vine Stalker Gladiator began the quest for the Orb.
     0 | D:1      | Reached XP level 1. HP: 11/11 MP: 2/2
    35 | D:1      | Reached skill level 3 in Axes
    38 | D:1      | Reached XP level 2. HP: 11/15 MP: 3/3
   813 | D:2      | Reached XP level 3. HP: 18/18 MP: 4/4
   940 | D:2      | Reached skill level 4 in Axes
  1342 | D:2      | Gained mutation: Your natural rate of healing is unusually fast. [Vine Stalker growth]
  1342 | D:2      | Reached XP level 4. HP: 21/23 MP: 5/5
  1768 | D:3      | Found a sacrificial altar of Ru.
  1817 | D:3      | Became a worshipper of Ru the Awakened
  1856 | D:3      | Reached skill level 5 in Axes
  1856 | D:3      | Reached XP level 5. HP: 3/26 MP: 1/6
  1856 | D:3      | Slain by an orc

Vault maps used:
D:1:      dpeg_arrival_rooms_c
D:2:      kennysheep_generic_room_8
D:3:      hangedman_ru_absence

Skill      XL: |  1  2  3  4 |
---------------+-------------+-----
Axes           | 3 4 5 |  5.1
Fighting       | |  1.7
Throwing       | |  1.7
Dodging        | |  2.4

Action                   |  1- 3 |  4- 6 || total
-------------------------+-------+-------++-------
Melee: War axe           |    64 |    49 ||   113
       Bite              |    15 |    14 ||    29
  Eat: Chunk             |     1 |     2 ||     3
Armor: Leather armour    |    22 |       ||    22
       Ring mail         |    17 |    24 ||    41
Dodge: Dodged            |    41 |    41 ||    82
